 Dungeon Crawl Stone Soup version 0.30.0-18-gc0e69614cb (webtiles) character file.

Game seed: 14469031627455726403

81 buriedalive the Chiller (level 4, -3/24 HPs)
             Began as a Deep Elf Ice Elementalist on May 25, 2023.
             Slain by Crazy Yiuf
             ... wielding a +4 quarterstaff of chaos
              (13 damage)
             ... on level 2 of the Dungeon.
             The game lasted 00:04:07 (2061 turns).

buriedalive the Chiller (Deep Elf Ice Elementalist) Turns: 2061, Time: 00:04:08

Health: -3/24      AC:  5    Str:  5    XL:     4   Next: 19%
Magic:  8/12       EV: 13    Int: 22    God:
Gold:   157        SH:  0    Dex: 15    Spells: 4/11 levels left

rFire   . . .        c - +1 dagger (drain)
rCold   . . .        (no shield)
rNeg    . . .        a - +0 robe
rPois   .            (no helmet)
rElec   .            o - +0 cloak
rCorr   .            h - +1 pair of gloves
SInv    .            (no boots)
Will    .....        (no amulet)
Stlth   ++           (no ring)
HPRegen 0.24/turn    (no ring)
MPRegen 0.13/turn

%: no passive effects
@: freezing walls
A: no striking features
a: no special abilities


You were on level 2 of the Dungeon.
You visited 1 branch of the dungeon, and saw 2 of its levels.

You collected 157 gold pieces.

Inventory:

Hand Weapons
 c - a +1 dagger of draining (weapon)
Missiles
 e - 14 poisoned darts
 g - 6 stones
Armour
 a - a +0 robe (worn)
 h - a +1 pair of gloves (worn)
 o - a +0 cloak (worn)
Potions
 b - a potion of magic
 d - a potion of might
 f - a potion of flight {unknown}


   Skills:
 + Level 3.6 Dodging
 - Level 2.4 Stealth
 + Level 4.3 Spellcasting
 + Level 5.1 Ice Magic


You had 4 spell levels left.
You knew the following spells:

 Your Spells              Type           Power      Damage    Failure   Level
a - Freeze                Ice            100%       1d10      1%          1
b - Ozocubu's Armour      Ice            27%        N/A       4%          3
c - Frozen Ramparts       Ice            54%        1d9       4%          3

Your spell library contained the following spells:

 Spells                   Type           Power      Damage    Failure   Level
 Necrotise                Necr           16%        1d4       11%         1
 Vampiric Draining        Necr           4%         2d6       32%         3
 Summon Ice Beast         Ice/Summ       16%        N/A       36%         4
 Agony                    Necr           4%         N/A       97%         5
 Fireball                 Conj/Fire      2%         3d4       97%         5
 Iskenderun's Battlesphe  Conj           4%         2d6       97%         5
 Conjure Ball Lightning   Conj/Air       2%         3x3d6     100%        6
 Orb of Destruction       Conj           2%         9d5       100%        7


Dungeon Overview and Level Annotations

Branches:
Dungeon (2/15)

Altars:
Yredelemnul

Annotations:
D:2 Crazy Yiuf


Message History

You see here an adder skeleton.
You see here an adder skeleton.
You see here a ball python corpse.
Things that are here:
a +0 club; a kobold corpse
There is an open door here.
Crazy Yiuf shouts!
This spell is quite dangerous to cast!
Memorise Ozocubu's Armour, consuming 3 spell levels and leaving 7?
You start memorising the spell.
You continue memorising. x3
You finish memorising.
Spell assigned to 'b'.
This spell is quite dangerous to cast!
Memorise Frozen Ramparts, consuming 3 spell levels and leaving 4?
Crazy Yiuf twirls on the spot.
You start memorising the spell.
You continue memorising. x3
You finish memorising.
Spell assigned to 'c'.
You open the door.
Casting: Freeze (safe; 1% risk of failure)
Confirm with . or Enter, or press ? or * to list all spells.
The spell is quite dangerous to miscast (4% risk of failure)!
Continue anyway?
Casting: Frozen Ramparts (quite dangerous; 4% risk of failure)
Press: ? - help, Dir - look around, f - activate The walls around you are covered in ice.
The wall freezes Crazy Yiuf.
Crazy Yiuf laughs, "Action Hive verde!"
Crazy Yiuf hits you with a +4 quarterstaff of chaos!
Ouch! That really hurt!
You resist with some effort.
Casting: Frozen Ramparts (quite dangerous; 4% risk of failure)
Confirm with . or Enter, or press ? or * to list all spells.
Aiming: Freeze (safe; 1% risk of failure)
Press: ? - help, Shift-Dir - straight line, f - Crazy Yiuf
Aim: Crazy Yiuf, wielding a +4 quarterstaff of chaos and wearing a +0 cloak (lightly wounded)
You freeze Crazy Yiuf!
Crazy Yiuf is severely wounded.
The wall freezes Crazy Yiuf.
Crazy Yiuf says, "Tonal chair return to song!"
Crazy Yiuf hits you with a +4 quarterstaff of chaos!
Ouch! That really hurt!
You die...

.♣## ##...####### ...#
###..### ...###...##
........## .....##.#
..♣..##.# ♣♣PP....##♣♣
### .♣PP..#.#..♣♣
♣♣#..)#
PPP.#.......♣♣♣♣@g...#
..P####......♣..♣#...#
#### ###...♣.♣♣♣ ###
##♣♣♣♣♣


You could see Crazy Yiuf.

Vanquished Creatures
  2 adders (D:2)
  A dart slug (D:1)
  8 endoplasms
  4 giant cockroaches
  5 goblins
  2 hobgoblins
  2 jackals (D:2)
  4 quokkas
  5 ball pythons
  3 bats
  5 frilled lizards
  4 kobolds
  11 rats
56 creatures vanquished.

Notes
Turn   | Place    | Note
-------+----------+-------------------------------------------
     0 | D:1      | buriedalive the Deep Elf Ice Elementalist began the quest
                  | for the Orb.
     0 | D:1      | Reached XP level 1. HP: 10/10 MP: 6/6
   153 | D:1      | Reached XP level 2. HP: 15/15 MP: 8/8
  1069 | D:2      | Reached XP level 3. HP: 19/19 MP: 7/10
  1287 | D:2      | Found a basalt altar of Yredelemnul.
  1347 | D:2      | Found a runed translucent door.
  1348 | D:2      | Noticed Crazy Yiuf
  1534 | D:2      | Reached skill level 5 in Ice Magic
  1750 | D:2      | Reached XP level 4. HP: 11/24 MP: 6/12
  2055 | D:2      | Learned a level 3 spell: Ozocubu's Armour
  2059 | D:2      | Learned a level 3 spell: Frozen Ramparts
  2061 | D:2      | Slain by Crazy Yiuf

Illustrated notes

Levels and vault maps discovered:
D:1:      spicycebolla_arrival_xxxplode, layout_basic
D:2:      minmay_razor_zed, layout_rooms, basic_altar, serial_forest,
          infiniplex_forest_clump_small, infiniplex_forest_straight_1,
          infiniplex_forest_lined_room_2, infiniplex_forest_lined_corner,
          infiniplex_forest_straight_4, infiniplex_forest_clump_curved,
          uniq_crazy_yiuf_cottage

Skill      XL: |  1  2  3 |
---------------+----------+-----
Dodging        | 3 |  3.6
Spellcasting   | 4 |  4.3
Ice Magic      | 5 |  5.1
Stealth        | |  2.4

Action                     |  1- 3 |  4- 6 || total
---------------------------+-------+-------++-------
  Melee: Dagger            |    58 |     4 ||    62
         Unarmed           |     2 |       ||     2
   Cast: Freeze            |    44 |     7 ||    51
         Frozen Ramparts   |       |     1 ||     1
    Use: Potion            |     1 |       ||     1
         Scroll            |       |     9 ||     9
   Stab: Sleeping          |    13 |       ||    13
         Distracted        |     1 |       ||     1
 Armour: Robe              |    25 |     1 ||    26
  Dodge: Dodged            |    47 |     8 ||    55
